 Dungeon Crawl Stone Soup version 0.31-a0-426-g3a05650e59 (webtiles) character file.

Game seed: 16265517946986599313

3178 LustLizard the Grappler (level 9, -2/56 HPs)
             Began as an Octopode Shapeshifter on July 31, 2023.
             Was a Follower of Hepliaklqana.
             Slain by a sky beast (5 damage)
             ... on level 8 of the Dungeon.
             The game lasted 00:14:05 (7018 turns).

LustLizard the Grappler (Octopode Shapeshifter)     Turns: 7018, Time: 00:14:06

Health: -2/56      AC:  1    Str: 16    XL:     9   Next: 95%
Magic:  9/9        EV: 18    Int: 13    God:    Hepliaklqana [*.....]
Gold:   396        SH:  0    Dex: 12    Spells: 6/8 levels left

rFire   . .          .
                       - Unarmed
rCold   . . .        (no shield)
rNeg    . . .        (helmet currently unavailable)
rPois   +            (no amulet)
rElec   .            n - ring of poison resistance
rCorr   .            c - +4 ring of slaying
SInv    .            w - +5 ring of evasion
Will    +....        A - ring of willpower
Stlth   +++          (no ring)
HPRegen 0.29/turn    (no ring)
MPRegen 0.11/turn    (no ring)
                     (no ring)

%: no passive effects
@: beast-form
A: beast (slay +4), reduced essence, almost no armour, amphibious, 8 rings,
camouflage 1, gelatinous body 1, (nimble swimmer 1), tentacles
a: Begin Untransformation, Renounce Religion, Recall Ancestor, Ancestor Identity


You were on level 8 of the Dungeon.
You worshipped Hepliaklqana.
Hepliaklqana was aware of your devotion.
You were a hulking beast.
You visited 2 branches of the dungeon, and saw 9 of its levels.

You collected 396 gold pieces.

Inventory:

Missiles
 B - a poisoned dart
Jewellery
 c - a +4 ring of slaying (right tentacle)
 n - a ring of poison resistance (left tentacle)
 w - a +5 ring of evasion (on tentacle)
 A - a ring of willpower (on tentacle)
Talismans
 b - a beast talisman (active)
Wands
 r - a wand of acid (10)
 t - a wand of flame (43)
 v - a wand of roots (14)
Scrolls
 e - 6 scrolls of revelation
 f - 2 scrolls of vulnerability {unknown}
 h - a scroll of blinking {unknown}
 i - a scroll of torment {unknown}
 j - 6 scrolls of teleportation
 k - 2 scrolls of silence
 o - 2 scrolls of immolation {unknown}
 q - a scroll of fear
 s - 3 scrolls of poison {unknown}
 x - 3 scrolls of butterflies {unknown}
 y - a scroll of enchant armour
 z - 2 scrolls of amnesia
 C - a scroll of enchant weapon
Potions
 a - a potion of lignification
 d - 2 potions of berserk rage
 g - 2 potions of brilliance
 l - 5 potions of heal wounds
 m - 3 potions of curing
 p - 4 potions of haste
 u - 2 potions of mutation
 D - 2 potions of enlightenment
 E - a potion of attraction {unknown}


   Skills:
 + Level 6.4 Fighting
 - Level 2.0 Dodging
 - Level 4.0 Stealth
 * Level 9.6 Unarmed Combat
 + Level 3.0 Translocations
 + Level 6.1 Shapeshifting


You had 6 spell levels left.
You knew the following spells:

 Your Spells              Type           Power      Damage    Failure   Level
a - Blink                 Tloc           14%        N/A       14%         2

Your spell library contained the following spells:

 Spells                   Type           Power      Damage    Failure   Level
 Manifold Assault         Tloc           7%         N/A       65%         4
 Ozocubu's Armour         Ice            0%         N/A       67%         3
 Summon Guardian Golem    Hex/Summ       0%         N/A       67%         3
 Orb of Destruction       Conj           0%         9d5       100%        7
 Ozocubu's Refrigeration  Ice            0%         4d7       100%        7
 Spellforged Servitor     Conj/Summ      0%         N/A       100%        7


Dungeon Overview and Level Annotations

Branches:
Dungeon (8/15)             Temple (1/1) D:7            Lair (0/5) D:8

Altars:
Ashenzari
Cheibriados
Dithmenos
Elyvilon
Fedhas
Hepliaklqana
Kikubaaqudgha
Makhleb
Nemelex Xobeh
Okawaru
Qazlal
Sif Muna
Trog
Uskayaw
Vehumet
Wu Jian
Xom
Yredelemnul
Zin
The Shining One

Shops:
D:5 (   D:7 *


Innate Abilities, Weirdness & Mutations

You are a hulking beast.
Your limbs bulge with bestial killing power. (Slay +4)
Your life essence is reduced to manifest your ancestor. (-10% HP)
You cannot wear most types of armour.
You are amphibious.
You can wear up to eight rings at the same time.
Your skin changes colour to match your surroundings (Stealth+).
Your rubbery body absorbs attacks. (AC +1, EV +1)
((You are camouflaged when in or above water. (Stealth+)))
You have tentacles for arms and can constrict up to eight enemies at once.


Message History

You tentacle-slap the orc priest. Your grab misses the orc priest.
The orc priest is moderately wounded.
The orc priest completely misses you.
You barely miss the orc priest. Your grab misses the orc priest.
The orc priest is moderately wounded.
The orc priest completely misses you.
You tentacle-slap the orc priest but do no damage.
Your grab misses the orc priest. You squeeze the orc priest!
The orc priest is almost dead.
The orc priest hits you with a +0 short sword.
You bludgeon the orc priest!
You kill the orc priest!
Your Translocations skill increases to level 3!
The sky beast completely misses you.
Items here: $ )) [[ †.
You batter the sky beast!!
The sky beast is severely wounded.
The sky beast flickers out of sight!
Deactivating autopickup; reactivate with Ctrl-A.
Something hits you. Something shocks you. Something barely misses you.
You completely miss something.
The orc shouts!
Your squeeze misses something. Something hits you. Something shocks you.
Zorana barely misses something.
You miss something. Something hits you. Something shocks you.
* * * LOW HITPOINT WARNING * * *
Unknown command.
Something hits you.
* * * LOW HITPOINT WARNING * * *
Something shocks you.
* * * LOW HITPOINT WARNING * * *
Zorana misses something.
The orc misses you.
Unknown command.
You bludgeon the orc!
You kill the orc!
Zorana misses something.
Something hits you.
* * * LOW HITPOINT WARNING * * *
Something shocks you.
You die...

... ..# .. ..
.. .. #. .# .
#. .# #.
##.#.#
.#..#..).#
.......h.#
##..#..{#####
#......R...#
.......####>#
###.### #.#
#. #.# # #.#
#######.##
.........#


You could see the friendly Zorana the ancestor.

Vanquished Creatures
  A yak (D:8)
  2 water moccasins
  3 orc warriors
  3 black bears
  An ice beast (D:6)
  A sky beast (D:7)
  An ogre (D:5)
  A phantom (D:5)
  6 bullfrogs
  3 scorpions
  7 killer bees
  A howler monkey (D:7)
  7 orc priests
  2 hounds (D:4)
  3 jellies
  3 sleepcaps
  Terence (D:3)
  An iguana (D:4)
  7 orc wizards
  Robin (D:3)
  7 gnolls
  16 adders
  2 shadow imps (D:8)
  2 white imps (D:5)
  2 ufetubi
  A worm (D:2)
  4 dart slugs
  23 orcs
  5 bats
  10 endoplasms
  3 giant cockroaches
  14 goblins
  6 hobgoblins
  5 kobolds
  4 quokkas
  8 ball pythons
  5 frilled lizards
  7 rats
179 creatures vanquished.

Vanquished Creatures (collateral kills)
  An orc (D:8)
1 creature vanquished.

Vanquished Creatures (others)
  2 ancestors (D:8)
2 creatures vanquished.

Grand Total: 182 creatures vanquished

Notes
Turn   | Place    | Note
-------+----------+-------------------------------------------
     0 | D:1      | LustLizard the Octopode Shapeshifter began the quest for
                  | the Orb.
     0 | D:1      | Reached XP level 1. HP: 13/13 MP: 1/1
   163 | D:1      | Reached XP level 2. HP: 18/18 MP: 2/2
   178 | D:1      | Reached skill level 1 in Stealth
   543 | D:1      | Found a faded altar of an unknown god.
   638 | D:1      | Reached XP level 3. HP: 23/23 MP: 3/3
  1003 | D:2      | Found a blossoming altar of Fedhas.
  1396 | D:2      | Reached XP level 4. HP: 25/29 MP: 4/4
  1782 | D:3      | Noticed Robin
  1792 | D:3      | Killed Robin
  1793 | D:3      | Reached skill level 4 in Unarmed Combat
  2141 | D:3      | Reached XP level 5. HP: 33/34 MP: 5/5
  2744 | D:3      | Noticed Terence
  2748 | D:3      | Killed Terence
  3216 | D:4      | Reached XP level 6. HP: 41/41 MP: 6/6
  3530 | D:4      | Reached skill level 5 in Unarmed Combat
  3819 | D:5      | Entered Level 5 of the Dungeon
  3916 | D:5      | Reached XP level 7. HP: 46/46 MP: 7/7
  4084 | D:5      | Found Seachus's Antique Weapon Shoppe.
  4141 | D:5      | Reached skill level 6 in Unarmed Combat
  4553 | D:6      | Found a basalt altar of Yredelemnul.
  4554 | D:6      | Found a stormy altar of Qazlal.
  4556 | D:6      | Found a shadowy altar of Dithmenos.
  4595 | D:6      | Reached XP level 8. HP: 36/54 MP: 8/8
  4663 | D:6      | Found a shimmering blue altar of Sif Muna.
  4813 | D:6      | Reached skill level 7 in Unarmed Combat
  5008 | D:6      | Reached skill level 5 in Shapeshifting
  5303 | D:6      | Found a shimmering altar of Xom.
  5396 | D:6      | Reached skill level 5 in Fighting
  5607 | D:7      | Reached skill level 8 in Unarmed Combat
  5629 | D:7      | Found a staircase to the Ecumenical Temple.
  5643 | Temple   | Entered the Ecumenical Temple
  5666 | Temple   | Became a worshipper of Hepliaklqana the Forgotten
  5738 | D:7      | Reached XP level 9. HP: 61/61 MP: 9/9
  6096 | D:7      | Learned a level 2 spell: Blink
  6215 | D:7      | Found Giofas's Assorted Antiques.
  6272 | D:8      | Found an ancient bone altar of Kikubaaqudgha.
  6340 | D:8      | Reached skill level 1 in Translocations
  6438 | D:8      | Reached skill level 9 in Unarmed Combat
  6720 | D:8      | Reached * piety under Hepliaklqana
  6757 | D:8      | Found a staircase to the Lair.
  6908 | D:8      | Noticed a two-headed ogre
  7018 | D:8      | Slain by a sky beast

Illustrated notes

Levels and vault maps discovered:
D:1:      eino_arrival_water_cross, layout_basic, ebering_ecumenical_altar_mist,
          dk_noncrumbling_2, minmay_3d_cube
D:2:      layout_rooms, basic_altar, kennysheep_pointless_box
D:3:      layout_loops_corners, kennysheep_generic_room_14, uniq_terence,
          uniq_robin
D:4:      minmay_wonky_spiral, layout_gridville
D:5:      layout_cave_pools, serial_shops,
          nicolae_shop_temple_entry_statues_fountains
D:6:      layout_rooms, mainiacjoe_overflow_alcove_4, led_sif_pool,
          chequers_temple_overflow_statue_of_worship, minmay_misc_feat_roman
D:7:      layout_gridville, minmay_temple_entry_glassed_door, serial_shops,
          nicolae_shop_trees
D:8:      layout_loops_ring, mainiacjoe_overflow_small_starburst,
          due_lair_maze_entry_diamond, serial_demonic, serial_demonic_g,
          serial_demonic_a, serial_demonic_e, serial_demonic_f
Temple:   minmay_temple_curvy_branch

Skill      XL: |  1  2  3  4  5  6  7  8  9 |
---------------+----------------------------+-----
Stealth        | 1 2 3 4 |  4.0
Fighting       | 2 3 4 5 6 |  6.4
Unarmed Combat | 4 5 6 8 9 |  9.6
Shapeshifting  | 4 5 6 |  6.1
Translocations | 3 |  3.0
Dodging        | |  2.0

Action                     |  1- 3 |  4- 6 |  7- 9 || total
---------------------------+-------+-------+-------++-------
  Melee: Unarmed           |    77 |   106 |   156 ||   339
         Constrict         |    18 |    29 |    46 ||    93
         Tentacles         |    15 |    20 |    40 ||    75
         Punch             |       |     3 |    17 ||    20
  Throw: Dart              |       |       |     5 ||     5
  Evoke: Wand              |       |       |    10 ||    10
    Use: Scroll            |     7 |     2 |     8 ||    17
   Stab: Sleeping          |     9 |     1 |     6 ||    16
 Armour: Skin              |     9 |     2 |     1 ||    12
  Dodge: Dodged            |    32 |    43 |    85 ||   160

Table legend: (Time is in decaauts)
 A = Elapsed time spent in this place.
 B = Non-inter-level travel time spent in this place.
 C = Inter-level travel time spent in this place.
 D = Time resting spent in this place.
 E = Time spent auto-exploring this place.
 F = Levels seen in this place.
 G = Mean time per level.
                   A        B        C        D        E       F      G
               +--------+--------+--------+--------+--------+-----+--------+
         Total |   6979 |   6736 |    243 |    759 |   4072 |   9 |  775.4 |
       Dungeon |   6934 |   6734 |    200 |    759 |   4072 |   8 |  866.8 |
        Temple |     45 |      2 |     43 |      0 |      0 |   1 |   45.0 |
               +--------+--------+--------+--------+--------+-----+--------+

Top non-repeatable levels by time:
     D:3: 1432 daAuts
     D:6: 1034 daAuts
     D:4: 940 daAuts
     D:1: 811 daAuts
     D:7: 747 daAuts
     D:5: 670 daAuts
     D:2: 652 daAuts
     D:8: 644 daAuts
  Temple: 45 daAuts
